Map: Pylon LE

Players

ManlyManMeat

  • Race: Zerg Zerg
  • League: Diamond
  • Spawn Location: 5:00

woody - Winner!

  • Race: Terran Terran
  • League: Master
  • Spawn Location: 11:00

VOD

Have the link to the VOD?

Description

Time

  • Played on: July 11, 2025, 7:33 a.m.
  • Length: 6:06
Show
View Real Time Build Order
Export as new Build Order

ManlyManMeat Zerg 

Build Orders: Hatch First 

Get SALT Encoding   

  12  0:00  Drone  
  13  0:10  Drone  
  14  0:17  Extractor  
  14  0:19  Drone  
  15  0:29  Overlord  
  15  0:51  Drone  
  16  1:01  Hatchery  
  15  1:06  Drone  
  17  1:11  Drone  
  17  1:15  Drone  
  18  1:29  Extractor  
  17  1:36  Spawning Pool  
  16  1:40  Drone  
  16  1:44  Drone  
  18  1:49  Drone  
  19  1:55  Drone  
  20  2:23  Queen  
  20  2:24  Zergling x4  
  24  2:34  Queen  
  24  2:35  Zergling x2  
  28  2:46  Overlord  
  27  2:55  Metabolic Boost  
  27  3:08  Drone  
  27  3:10  Drone  
  29  3:14  Drone  
  29  3:16  Hatchery  
  29  3:18  Drone  
  29  3:19  Drone  
  31  3:24  Overlord  
  31  3:28  Drone  
  32  3:40  Drone, Overlord  
  30  4:02  Drone x5  
  35  4:03  Queen  
  35  4:04  Queen  
  39  4:12  Drone x2  
  41  4:27  Drone x2  
  41  4:28  Drone  
  41  4:30  Overlord  
  44  4:31  Queen  
  46  4:49  Zergling x2  
  46  4:50  Zergling x10  
  52  4:55  Lair  
  52  4:59  Baneling Nest, Zergling x8  
  55  5:02  Evolution Chamber  
  55  5:06  Zergling x6  
  57  5:07  Overlord x2  
  57  5:19  Zergling x2  
  57  5:20  Zergling x8  
  55  5:25  Zergling x6  
  55  5:26  Queen  
  46  5:49  Zergling x6  
Show
View Real Time Build Order
Export as new Build Order

woody Terran - Winner!

Build Orders:  

Get SALT Encoding   

  12  0:00  SCV  
  13  0:12  SCV  
  14  0:17  Supply Depot  
  14  0:24  SCV  
  15  0:39  SCV  
  15  0:40  Barracks  
  16  0:43  Refinery  
  16  0:51  SCV  
  17  1:03  SCV  
  18  1:15  SCV  
  19  1:27  Barracks Reactor  
  19  1:28  Orbital Command  
  19  1:39  Command Center  
  19  1:45  Supply Depot  
  19  1:55  SCV  
  20  2:04  Marine x2  
  20  2:08  SCV  
  23  2:09  Factory  
  23  2:20  SCV  
  23  2:22  Marine x2  
  26  2:29  Refinery  
  26  2:32  SCV  
  27  2:39  Marine  
  27  2:40  Marine  
  29  2:44  SCV  
  30  2:51  Orbital Command  
  30  2:56  Starport  
  30  2:57  SCV  
  31  3:06  Hellion  
  31  3:07  Hellion  
  31  3:09  SCV  
  36  3:15  Marine  
  36  3:16  Supply Depot  
  36  3:19  SCV  
  38  3:21  SCV  
  39  3:27  Hellion  
  39  3:28  Hellion  
  39  3:34  SCV, Medivac  
  44  3:38  Armory  
  46  3:47  SCV x2  
  46  3:56  Barracks Tech Lab  
  46  3:57  Widow Mine x2  
  46  3:59  SCV  
  46  4:02  SCV  
  52  4:04  Supply Depot  
  52  4:11  SCV  
  52  4:16  Supply Depot, Concussive Shells  
  53  4:18  SCV  
  54  4:26  Marauder, Hellion x2  
  60  4:38  Liberator  
  63  4:39  SCV  
  63  4:41  Command Center  
  63  4:43  Supply Depot  
  64  4:46  SCV  
  64  4:51  SCV  
  66  4:56  Marine  
  66  4:58  SCV, Widow Mine  
  70  5:01  Refinery  
  70  5:02  Refinery  
  70  5:04  Engineering Bay  
  70  5:05  Widow Mine  
  72  5:08  Engineering Bay  
  72  5:14  SCV x2  
  70  5:26  SCV  
  67  5:35  SCV  
  68  5:37  Barracks  
  68  5:38  Barracks, SCV  
  68  5:39  Barracks  
  69  5:47  Marine  
  69  5:50  SCV x2  
  69  6:03  Barracks  
  69  6:04  Barracks  
Tags
 
Matchup
TvZ
Replay Pack
Myownreplay2
Spawn Locations
Cross Positions
Add a new tag
Caveats
  • Supply blocks, unpowered buildings, or Contaminate may cause inaccurate times.
  • Supply counts are checked every 10 seconds.